 Dungeon Crawl Stone Soup version 0.29.1-15-g9cfb28693d (webtiles) character file.

Game seed: 11012528971958951780

69 Heoruswealwe the Conjurer (level 4, 24/24 HPs)
             Began as a Deep Elf Conjurer on Mar 8, 2023.
             Got out of the dungeon alive.
             The game lasted 00:16:03 (1514 turns).

Heoruswealwe the Conjurer (Deep Elf Conjurer)       Turns: 1514, Time: 00:16:04

Health: 24/24      AC:  2    Str:  4    XL:     4   Next: 2%
Magic:  12/12      EV: 12    Int: 25    God:
Gold:   84         SH:  0    Dex: 13    Spells: 11/12 levels left

rFire   . . .      SeeInvis .   k - +4 hand axe
rCold   . . .      Faith    .   (no shield)
rNeg    . . .      Spirit   .   a - +0 robe
rPois   .          Reflect  .   (no helmet)
rElec   .          Harm     .   (no cloak)
rCorr   .          Rampage  .   (no gloves)
Will    .....                   (no boots)
Stlth   ++........              (no amulet)
HPRegen 0.08/turn               (no ring)
MPRegen 0.13/turn               (no ring)

@: attractive
A: no striking features
a: no special abilities


You escaped.
You visited 1 branch of the dungeon, and saw 2 of its levels.

You collected 84 gold pieces.

Inventory:

Hand Weapons
 k - a +4 hand axe (weapon)
Armour
 a - a +0 robe (worn)
 e - a +0 robe
 l - a +0 robe
Scrolls
 b - 2 scrolls of poison
 f - 2 scrolls of teleportation
Potions
 c - 2 potions of degeneration
 i - a potion of curing


   Skills:
 - Level 2.4 Dodging
 - Level 2.4 Stealth
 + Level 4.7 Spellcasting
 + Level 5.3 Conjurations


You had 11 spell levels left.
You knew the following spells:

 Your Spells              Type           Power      Damage    Failure   Level
a - Magic Dart            Conj           100%       1d8       1%          1

Your spell library contained the following spells:

 Spells                   Type           Power      Damage    Failure   Level
 Searing Ray              Conj           64%        2d6       1%          2
 Dazzling Flash           Conj/Hex       38%        N/A       9%          3
 Fulminant Prism          Conj/Hex       9%         3d7       28%         4
 Iskenderun's Mystic Bla  Conj/Tloc      19%        2d6       28%         4
 Starburst                Conj/Fire      9%         6d5       99%         6


Dungeon Overview and Level Annotations

Branches:
Dungeon (2/15)

Altars:


Message History

Found a scroll labelled PAAD VIQACZIUK.
Found a robe.
There is an open door here.
A kobold comes into view. It is wielding a +0 whip.
The magic dart hits the kobold but does no damage.
The kobold shouts!
The magic dart hits the kobold.
You kill the kobold!
g - a scroll labelled PAAD VIQACZIUK You see here a +0 robe.
l - a +0 robe
Things that are here:
a +0 whip; a kobold corpse
There is an open door here.
As you open the door, it creaks loudly!
There is an open door here.
You open the door.
Found a yellow potion.
i - 2 yellow potions (gained 1)
You now have 84 gold pieces (gained 17).
You open the door. You open the door.
There is an open door here.
Found a stone staircase leading down.
There is a stone staircase leading down here.
You open the door.
There is an open door here.
There is a staircase leading out of the dungeon here.
As you read the scroll labelled PAAD VIQACZIUK, it crumbles to dust.
You hear the tinkle of a tiny bell.
It was a scroll of butterflies.
As you read the scroll labelled ENTORUA VIUTU, it crumbles to dust.
It is a scroll of identify.
c - 2 potions of degeneration
Okay, then.
It was a potion of heal wounds.
You feel much better.
It was a potion of curing.
You feel better.
It was a potion of attraction.
You feel attractive to monsters.
Are you sure you want to leave the Dungeon?
This will make you lose the game!
You have escaped!

.'.........###.........'......)..
.#..####.### ###.####..####......
.#.#.###.# #.###.#.# ##.....
.#(##.#.## ##.#.##.# #...(.
.#.###.## ##.###.#####.....
.#.##.#.## ##.#.##.#...'.....
.#.#.###.# #b###.#.#.###.....
.#..####.### ###.####..#.# ####..
.'.........###.b@bbb...'.# #..
###.####.##.#.##.####.##.# #..
.###.###.###.###b###.###.# #.. .#
##.##.##.#.##b##(## #.# #..
.#####.#.#.###.#.#.## #.# #.#
....###...#####...## #.# ...#
.#..# ##.........## #.# #####
.#.#####'#######+# #.# #....
.#....##......##.# #.####>...


There were no monsters in sight!

Vanquished Creatures
  3 adders (D:2)
  A worm (D:2)
  2 dart slugs (D:1)
  2 endoplasms (D:2)
  A giant cockroach (D:2)
  A goblin (D:1)
  4 hobgoblins (D:1)
  2 jackals (D:2)
  8 kobolds
  A quokka (D:2)
  4 ball pythons
  2 bats (D:1)
  A frilled lizard (D:1)
  4 rats (D:1)
  3 bushes (D:1)
39 creatures vanquished.

Vanquished Creatures (others)
  24 plants (D:1)
24 creatures vanquished.

Grand Total: 63 creatures vanquished

Notes
Turn   | Place    | Note
-------+----------+-------------------------------------------
     0 | D:1      | Heoruswealwe the Deep Elf Conjurer began the quest for the
                  | Orb.
     0 | D:1      | Reached XP level 1. HP: 10/10 MP: 6/6
   262 | D:1      | You fall into a shaft and drop 1 floor!
   318 | D:2      | Reached XP level 2. HP: 15/15 MP: 2/8
   450 | D:2      | Reached XP level 3. HP: 19/19 MP: 6/10
   462 | D:2      | Reached skill level 5 in Conjurations
   843 | D:1      | Reached XP level 4. HP: 24/24 MP: 10/12
  1514 | D:$      | Got out of the dungeon alive.

Illustrated notes

Levels and vault maps discovered:
D:1:      roderic_octagonal_star, layout_basic, minmay_misc_feat_chi,
          lexackson_kobold_supper
D:2:      layout_basic, minmay_door_square, guppyfry_early_orc_mine

Skill      XL: |  1  2  3 |
---------------+----------+-----
Spellcasting   | 4 |  4.7
Conjurations   | 5 |  5.3
Dodging        | |  2.4
Stealth        | |  2.4

Action                   |  1- 3 |  4- 6 || total
-------------------------+-------+-------++-------
Melee: Short sword       |    30 |       ||    30
       Hand axe          |       |   295 ||   295
       Punch             |       |     2 ||     2
 Cast: Magic Dart        |    70 |     3 ||    73
  Use: Potion            |     1 |     3 ||     4
       Scroll            |       |     4 ||     4
Armor: Robe              |     2 |       ||     2
Dodge: Dodged            |     7 |       ||     7
